 Dungeon Crawl Stone Soup version 0.31-a0-204-g7da18cac08 (webtiles) character file.

Game seed: 17252732278609875493

90 qw the Shooter (level 4, -1/25 HPs)
             Began as a Deep Elf Hunter on June 27, 2023.
             Slain by an orc
             ... wielding a +0 flail
              (3 damage)
             ... on level 3 of the Dungeon.
             The game lasted 00:00:42 (1524 turns).

qw the Shooter (Deep Elf Hunter)                    Turns: 1524, Time: 00:00:42

Health: -1/25      AC:  6    Str: 10    XL:     4   Next: 32%
Magic:  6/6        EV: 11    Int: 14    God:
Gold:   153        SH:  0    Dex: 18    Spells: 3/3 levels left

rFire   . . .        g - +0 shortbow (heavy)
rCold   . . .        (shield currently unavailable)
rNeg    . . .        f - +0 ring mail
rPois   .            (no helmet)
rElec   .            (no cloak)
rCorr   .            (no gloves)
SInv    .            l - +0 pair of boots
Will    .....        (no amulet)
Stlth   +            (no ring)
HPRegen 0.24/turn    (no ring)
MPRegen 0.10/turn

%: no passive effects
@: about to teleport
A: no striking features
a: no special abilities


You were on level 3 of the Dungeon.
You visited 1 branch of the dungeon, and saw 3 of its levels.

You collected 153 gold pieces.


   Skills:
 - Level 1.5 Fighting
 + Level 7.7 Ranged Weapons
 - Level 2.4 Dodging
 - Level 1.2 Stealth


You had 3 spell levels left.
You didn't know any spells.
Your spell library was empty.

Inventory:

Hand Weapons
 g - a +0 heavy shortbow (weapon)
Armour
 f - a +0 ring mail (worn)
 h - a +2 ring mail of willpower
 l - a +0 pair of boots (worn)
Jewellery
 b - a ring of see invisible
Scrolls
 a - 2 scrolls of identify
 c - 2 scrolls of teleportation
 i - a scroll of enchant armour {unknown}
Potions
 d - a potion of enlightenment {unknown}
 e - a potion of curing
 k - a potion of magic {unknown}

Dungeon Overview and Level Annotations

Branches:
Dungeon (3/15)

Altars:
Sif Muna


Message History

There is an open door here.
As you open the door, it creaks loudly!
Found a stone staircase leading down.
Enter note:
Enter note: As you open the door, it creaks loudly!
You hear a shout! x4
An orc wizard and 2 orcs come into view.
The orc shouts!
An orc comes into view. It is wielding a +0 club.
The orc wizard moves out of view.
There is an open door here.
Enter note:
Enter note: You shoot an arrow.
The arrow hits the orc.
The orc is moderately wounded.
The orc hits you with a +0 flail.
You shoot an arrow.
The arrow hits the orc but does no damage.
The orc is moderately wounded.
The orc hits you with a +0 flail! The orc barely misses you.
The orc wizard gestures wildly while chanting.
The orc wizard flickers and vanishes!
Deactivating autopickup; reactivate with Ctrl-A.
You shoot an arrow. The arrow closely misses the orc.
The orc hits you but does no damage. x2; The orc hits you with a +0 club.
You shoot an arrow. The arrow hits the orc.
The orc is heavily wounded.
The orc closely misses you.
You shoot an arrow. The arrow barely misses the orc.
The orc hits you but does no damage. The orc closely misses you.
You hear some strange, mumbled words.
A puff of flame appears from out of thin air!
The puff of flame hits you! The orc barely misses you.
The orc hits you with a +0 club.
1524 ||| READING 3 scrolls of teleportation.
As you read the scroll of teleportation, it crumbles to dust.
You feel strangely unstable. The orc hits you with a +0 club.
Something hits you but does no damage. The orc hits you with a +0 flail.
You die...

#............... #.
#.########.#.### #. #.#
#...##...... ##. #.#
#.#>#####... #.. #.#
#.#.# #... #..##.###.#.#
#... #..#......#.# #...
#.o#.....##'#####...
#o{@...<.......##...
#....#o#...........####'
... ...######.........#.
. ...#. #.........#.
...#### #.........#. ..
+....).#.... .
#####'###.## #.#...%.
#.......


You could see 3 orcs.

Vanquished Creatures
  4 adders (D:2)
  A worm (D:2)
  A dart slug (D:1)
  2 orcs
  5 ball pythons (D:1)
  2 endoplasms
  4 giant cockroaches
  A goblin (D:2)
  5 hobgoblins
  3 jackals (D:2)
  2 quokkas
  3 bats
  3 frilled lizards
  6 kobolds
  5 rats
47 creatures vanquished.

Notes
Turn   | Place    | Note
-------+----------+-------------------------------------------
     0 | D:1      | qw the Deep Elf Hunter began the quest for the Orb.
     0 | D:1      | Reached XP level 1. HP: 12/12 MP: 3/3
     0 | D:1      | 0 ||| qw: Version: 0.3-a-22-g0ed2b0b
     0 | D:1      | 0 ||| qw: Game counter: 6586
     0 | D:1      | 0 ||| qw: Melee chars always use a shield: true
     0 | D:1      | 0 ||| qw: God list: Okawaru
     0 | D:1      | 0 ||| qw: Allow faded altars: false
     0 | D:1      | 0 ||| qw: Do Orc after clearing Dungeon:15 true
     0 | D:1      | 0 ||| qw: Do second Lair branch before Depths: true
     0 | D:1      | 0 ||| qw: Lair rune preference: random
     0 | D:1      | 0 ||| qw: Goals: Normal
     0 | D:1      | 0 ||| PLANNING D:1-11
   257 | D:1      | Found a faded altar of an unknown god.
   268 | D:1      | Reached skill level 6 in Ranged Weapons
   268 | D:1      | Reached XP level 2. HP: 16/16 MP: 4/4
   705 | D:1      | 705 ||| UPGRADING to +0 ring mail.
   715 | D:1      | 715 ||| DROPPING +0 leather armour.
   716 | D:1      | 716 ||| UPGRADING to +0 pair of boots.
   721 | D:1      | 721 ||| READING scroll labelled OSOOLA TUITE.
   722 | D:1      | 722 ||| READING scroll labelled HUICA ONAT NUWK.
   727 | D:1      | 727 ||| READING scroll labelled CEIBYA DEOJEPU.
   728 | D:1      | 728 ||| READING scroll labelled TEPLUN IDGH.
   729 | D:1      | 729 ||| DRINKING 2 green potions.
   730 | D:1      | 730 ||| DRINKING 4 clear potions.
   731 | D:1      | 731 ||| DROPPING scroll of butterflies.
   732 | D:1      | 732 ||| DROPPING 3 potions of brilliance.
   748 | D:2      | Reached XP level 3. HP: 18/20 MP: 5/5
   989 | D:2      | Reached skill level 7 in Ranged Weapons
  1075 | D:2      | Reached XP level 4. HP: 25/25 MP: 6/6
  1260 | D:2      | 1260 ||| DROPPING ring of flight.
  1261 | D:2      | 1261 ||| READING scroll labelled AFIRUS QECWIENN.
  1262 | D:2      | 1262 ||| READING scroll labelled PENUOCHEYKH.
  1263 | D:2      | 1263 ||| READING 2 scrolls labelled KOROUKH KACU.
  1264 | D:2      | 1264 ||| DROPPING scroll of vulnerability.
  1289 | D:3      | 1289 ||| STAIRDANCE
  1324 | D:3      | Found a shimmering blue altar of Sif Muna.
  1523 | D:3      | HP: 5/25 [something/puff of flame (7)]
  1524 | D:3      | 1524 ||| READING 3 scrolls of teleportation.
  1524 | D:3      | HP: 2/25 [orc/+0 club (1)]
  1524 | D:3      | Slain by an orc

Levels and vault maps discovered:
D:1:      dpeg_arrival_refuge, layout_basic, nicolae_ecumenical_snake_handling,
          minmay_heptomino_l4
D:2:      layout_basic, minivault_11, minmay_unequal
D:3:      layout_basic, lemuel_crystal_altar, hex_tiny

Skill      XL: |  1  2  3 |
---------------+----------+-----
Ranged Weapons | 6 7 |  7.7
Fighting       | |  1.5
Dodging        | |  2.4
Stealth        | |  1.2

Action                     |  1- 3 |  4- 6 || total
---------------------------+-------+-------++-------
   Fire: Shortbow          |   103 |    35 ||   138
    Use: Scroll            |     4 |     4 ||     8
         Potion            |     2 |       ||     2
 Armour: Leather armour    |     1 |       ||     1
         Ring mail         |    13 |     9 ||    22
  Dodge: Dodged            |    25 |    10 ||    35

Table legend:
 A = Non-vault XP
 B = Vault XP
 C = Vault XP percentage of total XP
 D = Non-vault monster count
 E = Vault monster count
 F = Vault count percentage of total count
                 A         B        C        D         E       F
            +---------+---------+-------+---------+---------+-------
      Total |     121 |       8 |   6.2 |      42 |       5 |  10.6
            +---------+---------+-------+---------+---------+-------
        D:1 |      27 |       6 |  18.2 |      17 |       4 |  19.0
        D:2 |      82 |       2 |   2.4 |      18 |       1 |   5.3
        D:3 |      12 |       0 |   0.0 |       7 |       0 |   0.0
            +---------+---------+-------+---------+---------+-------
